 Dungeon Crawl Stone Soup version 0.17-a0-580-g22c127a (webtiles) character file.

256 Magnus the Covered (level 6, -7/50 HPs)
             Began as a Formicid Fighter on Apr 15, 2015.
             Killed by divine providence
             ... invoked by an orc priest
              (10 damage)
             ... on level 4 of the Dungeon.
             The game lasted 00:12:56 (3543 turns).

Magnus the Covered (Formicid Fighter)               Turns: 3543, Time: 00:12:56

Health: -7/50      AC:  7    Str: 20    XL:     6   Next: 38%
Magic:  6/6        EV: 13    Int:  8    God:
Gold:   174        SH: 10    Dex: 17    Spells: 0 memorised, 5 levels left

rFire  . . .     SeeInvis +     a - +1 war axe
rCold  . . .     Clarity  .     b - +0 scale mail
rNeg   . . .     SustAb   .     c - +0 shield
rPois  .         Gourm    .     (helmet unavailable)
rElec  .         Spirit   .     (no cloak)
rCorr  .         Warding  .     (no gloves)
rMut   .         Stasis   +     (no boots)
MR     +....                    (no amulet)
Stlth  +.........               (no ring)
                                m - ring of protection from magic

@: agile, somewhat resistant to hostile enchantments, very unstealthy
A: permanent stasis, dig shafts and tunnels, four strong arms, antennae 3
a: Dig, Shaft Self


You were on level 4 of the Dungeon.
You were not hungry.

You visited 1 branch of the dungeon, and saw 4 of its levels.

You collected 174 gold pieces.

Inventory:

Hand weapons
 a - a +1 war axe (weapon)
Armour
 b - a +0 scale mail (worn)
 c - a +0 shield (worn)
Jewellery
 m - a ring of protection from magic (left hand)
Magical devices
 e - a wand of frost (4)
 u - a wand of paralysis (0)
 w - a wand of flame (13)
Scrolls
 h - a scroll of remove curse
 l - 3 scrolls of teleportation
 q - 3 scrolls of identify
 x - a scroll of enchant weapon
 y - 2 scrolls of amnesia {unknown}
Potions
 f - 3 potions of curing {unknown}
 g - a potion of cure mutation {unknown}
 i - 2 potions of flight {unknown}
 j - 3 potions of agility
 k - a potion of mutation {unknown}
 p - 2 potions of brilliance {unknown}
 v - 3 potions of ambrosia {unknown}
Comestibles
 d - 2 bread rations
 n - a slice of pizza
 o - 2 meat rations
 r - 2 royal jellies
 s - a chunk of flesh
 t - 2 fruits


   Skills:
 + Level 4.8 Fighting
 + Level 3.3 Axes
 + Level 4.8 Armour
 + Level 4.7 Shields


You had 5 spell levels left.
You didn't know any spells.

Dungeon Overview and Level Annotations

Branches:
Dungeon (4/15)
 Temple: D:4-7

Altars:
Ru

Annotations:
D:3 Sigmund; oplop's ghost, average DrFE


Innate Abilities, Weirdness & Mutations

You are under a permanent stasis effect.
You can dig through walls and to a lower floor.
Your four strong arms can wield two-handed weapons with a shield.
You have a pair of large antennae on your head (SInv).


Message History

The orc priest is heavily wounded.
You hear the rusting of a distant drain.
The orc priest hits you but does no damage.
The orc priest calls upon Beogh to heal the orc priest.
The orc priest is healed somewhat.
The orc priest mumbles some strange prayers to Beogh against you.
Something smites you!
* * * LOW HITPOINT WARNING * * *
The orc priest barely misses you.
You hit the orc priest.
The orc priest is moderately wounded.
The orc priest calls down the wrath of Beogh upon you.
Something smites you!
* * * LOW HITPOINT WARNING * * *
Drink which item? (? for menu, Esc to quit)
It was a potion of agility.
You feel agile all of a sudden.
The orc priest invokes the aid of Beogh against you.
Something smites you!
You die...

# #.##.#
##.#
###.##.#
###
#......#
#.#.####
#.###.#.#
#.......#
#####.####
#.)....#
#@#.##.#
#o#... ..
#o####.###
#o# # #o#
#.. ###


You could see 2 orc priests and 2 orc wizards.

Vanquished Creatures
  A water moccasin skeleton (D:4)
  Ijyb (D:3)
  Terence (D:3)
  2 worker ants (D:4)
  4 adders
  A worm (D:3)
  A giant gecko (D:1)
  2 orcs (D:4)
  3 ball pythons
  7 giant cockroaches
  4 goblins
  8 hobgoblins
  11 jackals
  3 kobolds
  11 bats
  3 giant newts
  6 rats
69 creatures vanquished.

Notes
Turn   | Place    | Note
--------------------------------------------------------------
     0 | D:1      | Magnus, the Formicid Fighter, began the quest for the Orb.
     0 | D:1      | Reached XP level 1. HP: 18/18 MP: 1/1
   165 | D:1      | Reached XP level 2. HP: 24/24 MP: 2/2
   374 | D:1      | Reached XP level 3. HP: 22/30 MP: 3/3
  1002 | D:2      | Reached skill level 4 in Shields
  1280 | D:2      | Reached XP level 4. HP: 37/37 MP: 4/4
  1865 | D:2      | Found a sacrificial altar of Ru.
  2195 | D:3      | Noticed Ijyb
  2225 | D:3      | Killed Ijyb
  2225 | D:3      | Reached XP level 5. HP: 37/42 MP: 5/5
  2305 | D:3      | Noticed Terence
  2317 | D:3      | Killed Terence
  2605 | D:3      | Noticed Sigmund
  2605 | D:3      | Noticed oplop's ghost (average DrFE)
  3234 | D:4      | Reached XP level 6. HP: 38/49 MP: 6/6
  3543 | D:4      | Killed from afar by an orc priest

Action                   |  1- 3 |  4- 6 || total
-------------------------+-------+-------++-------
Melee: War axe           |   103 |   168 ||   271
  Use: Potion            |       |     2 ||     2
       Scroll            |       |     5 ||     5
  Eat: Chunk             |     1 |     6 ||     7
       Beef jerky        |       |     1 ||     1
